 Dungeon Sprint DCSS version 0.27-a0-597-g524d869a0f (webtiles) character file.

Game seed: 16682769550453760807

57 mhtbhm the Covered (level 3, -5/36 HPs)
             Began as a Deep Dwarf Fighter on Mar 12, 2021.
             Was a Believer of Makhleb.
             Slain by an orc warrior
             ... wielding a +0 long sword
              (8 damage)
             ... in the Dungeon (Sprint VII: "The Pits").
             The game lasted 00:00:58 (212 turns).

mhtbhm the Covered (Deep Dwarf Fighter)              Turns: 212, Time: 00:00:59

Health: -5/36      AC: 14    Str: 20    XL:     3   Next: 73%
Magic:  3/3        EV:  4    Int:  8    God:    Makhleb [**....]
Gold:   0          SH: 10    Dex: 12    Spells: 2/2 levels left

rFire    . . .     SeeInvis .   a - +2 hand axe (freeze)
rCold    . . .     Faith    .   c - +0 kite shield
rNeg     . . .     Spirit   .   b - +2 plate armour
rPois    .         Reflect  .   (no helmet)
rElec    .         Harm     .   (no cloak)
rCorr    .         Rampage  .   (no gloves)
Will     .....     NoTele   +   (no boots)
Stlth    ..........             (no amulet)
HPRegen  0.00/turn              (no ring)
MPRegen  0.08/turn              (no ring)

@: non-regenerating
A: damage resistance, heal wounds, sense surroundings 1, no regeneration
a: Heal Wounds, Renounce Religion, Minor Destruction


You were in the Dungeon.
You worshipped Makhleb.
Makhleb was pleased with you.
You visited 1 branch

Inventory:

Hand Weapons
 a - a +2 hand axe of freezing (weapon)
Armour
 b - a +2 plate armour (worn)
 c - a +0 kite shield (worn)
Scrolls
 j - a scroll of blinking
 l - 5 scrolls of amnesia
 m - a scroll of summoning
Potions
 d - a potion of might
 e - 6 potions of curing
 f - 6 potions of heal wounds
 g - a potion of haste
 h - 4 potions of magic
 i - 3 potions of berserk rage
 k - 2 potions of invisibility


   Skills:
 + Level 4.2 Fighting
 + Level 3.4 Axes
 + Level 5.6 Armour
 + Level 0.4 Dodging
 + Level 5.5 Shields


You had 2 spell levels left.
You didn't know any spells.
Your spell library was empty.

Dungeon Overview and Level Annotations

Branches:
Dungeon (1/1)

Altars:
Ashenzari
Cheibriados
Dithmenos
Elyvilon
Fedhas
Gozag
Hepliaklqana
Kikubaaqudgha
Makhleb
Nemelex Xobeh
Okawaru
Qazlal
Ru
Sif Muna
Trog
Uskayaw
Vehumet
Wu Jian
Xom
Yredelemnul
Zin
The Shining One
Beogh
Jiyva
Lugonu


Innate Abilities, Weirdness & Mutations

You are resistant to damage.
You can heal yourself by infusing magical energy.
You passively map a small area around you.
You do not regenerate.


Message History

There is an open door here.
Your plate armour prevents you from hitting the orc wizard.
You block the orc wizard's attack. The warg barely misses you.
You barely miss the warg. You hit the orc wizard. You freeze the orc wizard.
You block the warg's attack. You block the orc wizard's attack.
You block the warg's attack.
You hit the orc warrior but do no damage.
You miss the warg. The warg bites you but does no damage. The warg bites you!
You closely miss the orc warrior. You hit the warg. You freeze the warg.
A centaur comes into view.
You block the orc warrior's attack. The warg barely misses you.
The orc wizard gestures at itself while chanting.
The orc wizard flickers and vanishes!
Deactivating autopickup; reactivate with Ctrl-A.
A phantom comes into view.
You hit the orc warrior but do no damage.
You hit the warg but do no damage. The warg bites you but does no damage.
The orc warrior barely misses you. You block the warg's attack.
Unknown command.
You closely miss the orc warrior.
Your plate armour prevents you from hitting the warg.
An orc comes into view. It is wielding a +0 hand axe.
You block the warg's attack.
The orc warrior hits you with a +0 long sword!
You block the warg's attack.
You closely miss the orc warrior.
Your shield and plate armour prevent you from hitting the warg.
The orc shouts!
You block the orc warrior's attack. The warg bites you but does no damage.
The orc warrior hits you with a +0 long sword!
* * * LOW HITPOINT WARNING * * *
Unknown command.
Unknown command.
You hit the orc warrior. You freeze the orc warrior.
The orc warrior is lightly wounded.
You hit the warg but do no damage. The warg bites you but does no damage.
The warg bites you.
* * * LOW HITPOINT WARNING * * *
The orc warrior hits you with a +0 long sword!
You die...

#.#...#)#[[##.....
#.#...#.#))#####'#
#.#...).#))##.....
#.##'####))##.....
#.#.))..#..##.....
#.#.....#'###...<.
#.#........##.....
#.#........##.....
#@###########.....
#oh{W...# ######
#5S#.#..# #c## #*
* , , #o. , #.# ,
#.. * , #.. , *


You could see a warg, an orc warrior, a phantom, a water moccasin, a centaur, an
orc and an ufetubus.

Vanquished Creatures
  A worker ant (D)
  2 gnolls (D)
  A river rat (D)
  A leopard gecko (D)
  A goblin (D)
  A hobgoblin (D)
  A frilled lizard (D)
  A kobold (D)
9 creatures vanquished.

Notes
Turn   | Place    | Note
-------+----------+-------------------------------------------
     0 | D        | mhtbhm the Deep Dwarf Fighter began the quest for the Orb.
     0 | D        | Reached XP level 1. HP: 20/20 MP: 1/1
    18 | D        | Found a bloodstained altar of Trog.
    18 | D        | Found a shimmering blue altar of Sif Muna.
    18 | D        | Found a viscous altar of Jiyva.
    18 | D        | Found a hazy altar of Hepliaklqana.
    18 | D        | Found an opulent altar of Gozag.
    19 | D        | Found a glowing golden altar of the Shining One.
    19 | D        | Found a glowing silver altar of Zin.
    19 | D        | Found a basalt altar of Yredelemnul.
    19 | D        | Found a shimmering altar of Xom.
    19 | D        | Found an ornate altar of the Wu Jian Council.
    19 | D        | Found a sacrificial altar of Ru.
    19 | D        | Found a stormy altar of Qazlal.
    19 | D        | Found an iron altar of Okawaru.
    19 | D        | Found a sparkling altar of Nemelex Xobeh.
    19 | D        | Found a burning altar of Makhleb.
    19 | D        | Found a blossoming altar of Fedhas.
    19 | D        | Found a white marble altar of Elyvilon.
    19 | D        | Found a shadowy altar of Dithmenos.
    19 | D        | Found a snail-covered altar of Cheibriados.
    21 | D        | Found a radiant altar of Vehumet.
    21 | D        | Found a corrupted altar of Lugonu.
    22 | D        | Found a hide-covered altar of Uskayaw.
    22 | D        | Found an ancient bone altar of Kikubaaqudgha.
    22 | D        | Found a broken altar of Ashenzari.
    31 | D        | Became a worshipper of Makhleb the Destroyer
    73 | D        | Noticed a worker ant
    79 | D        | Killed a worker ant
    80 | D        | Reached XP level 2. HP: 15/30 MP: 2/2
    88 | D        | Reached skill level 5 in Armour
    88 | D        | Reached skill level 5 in Shields
    88 | D        | Reached XP level 3. HP: 5/36 MP: 3/3
   113 | D        | Reached * piety under Makhleb
   131 | D        | Reached ** piety under Makhleb
   202 | D        | Noticed a warg
   202 | D        | Noticed a water moccasin
   204 | D        | Noticed an orc warrior
   208 | D        | Noticed a centaur
   208 | D        | Noticed a phantom
   212 | D        | Slain by an orc warrior

Illustrated notes

Levels and vault maps discovered:
D:        pitsprint [storerooms_1, entrance_room_1, metal_vault_3, armoury_1,
          mini_pit_1, grid_room_1, main_hall_1, silver_pit, the_coven_1,
          the_vestibule_1, steel_vault_2, golden_pit, hallway_of_sentries,
          crystal_vault_4, iron_vault_2, final_vault]

Skill      XL: |  1  2  3 |
---------------+----------+-----
Fighting       | 3 4 |  4.2
Armour         | 4 5 |  5.6
Shields        | 4 5 |  5.5
Axes           | 3 |  3.4
Dodging        | |  0.4

Action                   || total
-------------------------++-------
Melee: Hand axe          ||    47
       War axe           ||     1
 Abil: Heal Wounds       ||     2
Armor: Scale mail        ||    10
       Plate armour      ||     4
Dodge: Dodged            ||    15
Block: Kite shield       ||    29

Table legend: (Time is in decaauts)
 A = Elapsed time spent in this place.
 B = Non-inter-level travel time spent in this place.
 C = Inter-level travel time spent in this place.
 D = Time resting spent in this place.
 E = Time spent auto-exploring this place.
 F = Levels seen in this place.
 G = Mean time per level.
                   A        B        C        D        E       F      G
               +--------+--------+--------+--------+--------+-----+--------+
         Total |    228 |    228 |      0 |      8 |      9 |   1 |  228.0 |
       Dungeon |    228 |    228 |      0 |      8 |      9 |   1 |  228.0 |
               +--------+--------+--------+--------+--------+-----+--------+

Top non-repeatable levels by time:
       D: 228 daAuts
